Map: Blackpink LE

Players

IAmLambSauce

  • Race: Protoss Protoss
  • Spawn Location: 1:00

Knightrider - Winner!

  • Race: Protoss Protoss
  • League: Gold
  • Spawn Location: 7:00

VOD

Have the link to the VOD?

Description

Time

  • Played on: Dec. 13, 2017, 1:15 p.m.
  • Length: 25:05
Show
View Real Time Build Order
Export as new Build Order

IAmLambSauce Protoss 

Build Orders:  

Get SALT Encoding   

  12  0:07  Probe (Chrono Boost)  
  14  0:18  Probe (Chrono Boost)  
  14  0:23  Probe  
  14  0:25  Pylon  
  15  0:43  Assimilator, Probe  
  15  0:45  Assimilator  
  16  0:55  Probe (Chrono Boost)  
  17  1:01  Forge  
  17  1:07  Probe (Chrono Boost)  
  18  1:16  Probe (Chrono Boost)  
  19  1:21  Probe  
  20  1:33  Probe  
  21  1:41  Photon Cannon  
  21  1:44  Photon Cannon  
  21  1:45  Probe  
  22  2:07  Nexus  
  22  2:51  Gateway  
  22  2:58  Pylon  
  22  3:01  Pylon  
  22  3:06  Pylon  
  22  3:19  Probe (Chrono Boost)  
  24  3:21  Probe (Chrono Boost)  
  25  3:31  Probe x2 (Chrono Boost)  
  25  3:32  Probe  
  25  3:33  Probe  
  28  3:44  Pylon  
  28  3:45  Probe x2  
  30  3:52  Assimilator  
  30  3:53  Assimilator  
  30  3:57  Probe x2  
  32  4:03  Cybernetics Core  
  32  4:09  Probe x2  
  34  4:21  Probe x2  
  36  4:33  Probe  
  36  4:34  Probe  
  38  4:45  Probe  
  39  4:46  Protoss Air Weapons Level 1, Probe  
  40  4:53  Stargate  
  40  4:57  Robotics Facility, Probe  
  40  4:58  Probe  
  40  4:59  Stargate  
  42  5:02  Stargate  
  42  5:06  Pylon  
  42  5:09  Probe  
  42  5:10  Probe  
  44  5:26  Pylon  
  46  5:30  Pylon  
  46  5:31  Adept (Chrono Boost)  
  46  5:32  Nexus  
  46  5:36  Assimilator  
  46  5:38  Assimilator  
  46  5:48  Adept  
  48  5:57  Photon Cannon  
  48  6:02  Photon Cannon  
  48  6:23  Adept (Chrono Boost)  
  50  6:41  Protoss Air Armor Level 1  
  50  6:57  Probe  
  50  6:58  Probe x2  
  53  7:09  Probe  
  53  7:10  Probe x2  
  56  7:21  Probe  
  56  7:22  Probe x2  
  59  7:33  Probe  
  59  7:34  Probe x2  
  62  7:46  Probe x3  
  65  7:53  Fleet Beacon  
  65  8:08  Gateway  
  65  8:09  Gateway  
  65  8:12  Gateway  
  65  8:17  Pylon  
  65  8:21  Probe x3  
  65  8:22  Pylon  
  68  8:33  Probe x2  
  70  8:49  Assimilator  
  70  8:50  Nexus  
  70  8:52  Pylon  
  70  8:53  Assimilator  
  70  8:59  Nexus  
  70  9:00  Pylon  
  70  9:02  Assimilator  
  70  9:05  Assimilator  
  70  9:12  Adept x4  
  78  9:39  Adept x4  
  86  10:06  Adept x4  
  94  10:25  Graviton Catapult  
  94  10:29  Observer  
  94  10:33  Adept x4  
  94  10:34  Robotics Bay  
  103  10:37  Pylon  
  101  11:00  Adept x3  
  101  11:01  Adept  
  101  11:02  Carrier (Chrono Boost)  
  101  11:03  Carrier x2 (Chrono Boost)  
  112  12:18  Carrier (Chrono Boost)  
  112  12:19  Carrier x2 (Chrono Boost)  
  100  13:56  Warp Prism  
  100  14:01  Mothership  
  64  15:33  Stargate  
  64  15:37  Fleet Beacon  
  64  15:39  Cybernetics Core  
  64  15:42  Forge  
  64  15:46  Gateway  
  64  15:52  Robotics Bay  
  33  16:56  Nexus  
  33  17:01  Pylon  
  33  17:03  Pylon  
  33  17:05  Assimilator, Pylon x2  
  33  17:06  Pylon x2  
  31  17:09  Assimilator  
  5  18:21  Nexus  
  5  18:26  Assimilator  
  5  18:28  Assimilator  
  5  18:32  Pylon  
  5  18:33  Nexus  
  5  18:35  Pylon  
  3  18:56  Nexus  
  3  19:03  Assimilator  
  3  19:05  Assimilator  
  3  19:08  Pylon  
  3  19:10  Pylon  
  3  19:33  Nexus  
  3  19:34  Pylon  
  3  19:37  Pylon  
  3  20:31  Probe  
  2  20:43  Probe (Chrono Boost)  
  3  20:55  Probe (Chrono Boost)  
  4  21:02  Probe (Chrono Boost)  
  5  21:10  Probe (Chrono Boost)  
  7  21:19  Probe (Chrono Boost)  
  7  21:22  Gateway  
  7  21:24  Probe (Chrono Boost)  
  8  21:25  Forge  
  9  21:36  Probe (Chrono Boost)  
  9  21:39  Probe (Chrono Boost)  
  10  21:50  Probe  
  11  22:02  Protoss Shields Level 1, Probe  
  12  22:13  Pylon  
  13  22:15  Probe (Chrono Boost)  
  13  22:17  Pylon  
  14  22:27  Probe (Chrono Boost)  
  14  22:29  Probe  
  15  22:31  Cybernetics Core  
  15  22:37  Photon Cannon  
  15  22:38  Photon Cannon  
  15  22:41  Probe  
  15  22:43  Photon Cannon  
  16  22:45  Photon Cannon  
  16  22:54  Probe  
  17  23:06  Probe  
  17  23:12  Adept  
  20  23:18  Probe  
  21  23:23  Shield Battery  
  21  23:29  Shield Battery  
  21  23:30  Probe (Chrono Boost)  
  22  23:39  Adept  
  24  23:42  Probe (Chrono Boost)  
  26  23:51  Probe (Chrono Boost)  
  26  24:06  Adept  
  28  24:33  Adept  
  30  24:38  Stargate  
  30  24:42  Stargate  
  30  24:47  Pylon  
Show
View Real Time Build Order
Export as new Build Order

Knightrider Protoss - Winner!

Build Orders:  

Get SALT Encoding   

  12  0:01  Probe (Chrono Boost)  
  13  0:13  Probe (Chrono Boost)  
  14  0:20  Probe (Chrono Boost)  
  15  0:25  Pylon  
  15  0:33  Assimilator  
  15  0:45  Gateway  
  15  1:04  Probe (Chrono Boost)  
  17  1:15  Probe (Chrono Boost)  
  17  1:19  Probe  
  18  1:31  Probe  
  19  1:59  Zealot  
  21  2:09  Pylon  
  21  2:16  Cybernetics Core  
  21  2:22  Nexus  
  21  2:46  Probe (Chrono Boost)  
  21  2:50  Assimilator  
  22  2:51  Pylon  
  22  2:55  Stalker  
  22  2:56  Warp Gate (Chrono Boost), Probe (Chrono Boost)  
  25  3:00  Probe  
  26  3:06  Forge  
  26  3:15  Robotics Facility  
  26  3:22  Pylon  
  26  3:24  Pylon  
  26  3:28  Pylon  
  27  3:34  Probe (Chrono Boost)  
  27  3:35  Probe (Chrono Boost)  
  30  3:44  Photon Cannon  
  30  3:45  Probe x2 (Chrono Boost)  
  30  3:50  Photon Cannon  
  30  4:02  Protoss Shields Level 1  
  30  4:06  Observer  
  30  4:07  Probe  
  32  4:19  Gateway, Probe  
  33  4:28  Probe  
  33  4:31  Probe  
  35  4:40  Probe  
  35  4:43  Probe  
  37  4:47  Photon Cannon  
  37  4:50  Observer  
  37  4:51  Photon Cannon  
  38  4:55  Photon Cannon  
  38  4:56  Probe (Chrono Boost)  
  40  5:07  Probe (Chrono Boost)  
  40  5:08  Pylon  
  40  5:10  Sentry  
  42  5:15  Probe  
  43  5:27  Probe  
  44  5:33  Assimilator, Stalker  
  44  5:34  Stalker  
  44  5:35  Assimilator  
  48  5:39  Probe  
  49  5:52  Probe (Chrono Boost)  
  51  6:00  Probe (Chrono Boost)  
  51  6:04  Probe (Chrono Boost)  
  52  6:12  Protoss Ground Weapons Level 1 (Chrono Boost)  
  52  6:15  Stalker  
  52  6:18  Zealot  
  56  6:31  Gateway  
  56  6:33  Gateway  
  56  6:34  Gateway  
  56  6:36  Immortal  
  60  6:40  Zealot x2  
  60  6:44  Pylon  
  64  6:48  Probe (Chrono Boost)  
  66  6:59  Probe x2 (Chrono Boost)  
  67  7:02  Probe  
  67  7:03  Pylon  
  67  7:05  Probe  
  67  7:06  Stargate  
  69  7:15  Stargate  
  69  7:22  Immortal  
  73  7:31  Stalker  
  73  7:32  Stalker  
  77  7:39  Protoss Ground Armor Level 1 (Chrono Boost)  
  77  7:54  Void Ray  
  81  7:59  Zealot  
  81  8:00  Zealot x4  
  91  8:12  Twilight Council, Observer  
  92  8:33  Nexus  
  92  8:41  Void Ray  
  96  8:46  Fleet Beacon  
  96  8:54  Pylon  
  96  8:57  Pylon  
  96  8:58  Assimilator  
  96  8:59  Stalker  
  96  9:00  Stalker x2  
  102  9:17  Photon Cannon  
  102  9:19  Photon Cannon  
  102  9:24  Photon Cannon  
  102  9:26  Photon Cannon  
  106  9:32  Tempest (Chrono Boost)  
  112  9:38  Void Ray (Chrono Boost)  
  112  9:47  Protoss Air Weapons Level 1 (Chrono Boost)  
  112  9:58  Pylon  
  112  10:12  Stalker  
  112  10:13  Stalker x4  
  122  10:18  Probe (Chrono Boost)  
  124  10:28  Probe (Chrono Boost)  
  124  10:32  Probe  
  125  10:41  Phoenix (Chrono Boost)  
  127  10:48  Protoss Shields Level 2  
  129  10:53  Phoenix (Chrono Boost)  
  129  10:56  Charge (Chrono Boost)  
  129  11:12  Pylon  
  129  11:14  Photon Cannon  
  129  11:17  Probe (Chrono Boost)  
  130  11:18  Photon Cannon  
  130  11:24  Immortal  
  135  11:28  Probe (Chrono Boost)  
  135  11:32  Anion Pulse-Crystals  
  135  12:03  Warp Prism  
  134  12:26  Blink (Chrono Boost)  
  134  12:30  Carrier  
  140  12:37  Sentry x4  
  148  12:44  Pylon  
  148  12:50  Photon Cannon  
  148  12:52  Photon Cannon  
  148  12:54  Pylon  
  148  12:55  Photon Cannon, Pylon  
  148  12:59  Protoss Ground Weapons Level 2  
  148  13:02  Carrier  
  154  13:07  Protoss Air Armor Level 1 (Chrono Boost)  
  143  13:55  Stalker x2  
  139  13:56  Stalker x3  
  139  14:01  Void Ray  
  149  14:07  Graviton Catapult  
  149  14:43  Void Ray  
  153  15:22  Stalker  
  153  15:23  Stalker x4  
  153  15:26  Carrier  
  169  18:27  Stalker x2  
  173  18:39  Pylon  
  173  18:48  Pylon  
  173  18:55  Pylon  
  173  20:58  Protoss Air Armor Level 2  
  173  21:00  Protoss Ground Weapons Level 3  
  173  21:03  Resonating Glaives  
  173  21:19  Pylon  
  173  21:22  Pylon  
  173  21:26  Pylon  
  173  21:29  Pylon x2  
  173  21:32  Pylon  
  173  21:33  Pylon  
  173  21:35  Pylon  
  173  21:39  Pylon  
  173  21:43  Pylon  
  173  21:45  Pylon  
  173  21:49  Pylon  
  173  21:52  Pylon  
  173  21:54  Pylon  
  173  21:58  Pylon  
  173  22:03  Pylon  
  173  22:05  Pylon  
  173  22:07  Pylon  
  173  22:10  Pylon  
  173  22:14  Pylon  
  173  22:42  Pylon  
  173  22:43  Pylon  
  173  22:44  Pylon x2  
  173  22:54  Photon Cannon, Pylon  
  173  22:57  Nexus, Pylon  
  173  22:58  Photon Cannon, Pylon  
  173  23:00  Photon Cannon  
  173  23:04  Photon Cannon  
  173  23:06  Photon Cannon  
  173  23:07  Pylon  
  173  23:16  Pylon x2  
  173  23:18  Photon Cannon  
  173  23:19  Pylon  
  173  23:20  Photon Cannon, Pylon  
  173  23:23  Photon Cannon  
  173  23:26  Photon Cannon  
  173  23:29  Photon Cannon  
  173  23:32  Photon Cannon  
  173  23:48  Photon Cannon  
  173  23:50  Photon Cannon  
  173  23:54  Photon Cannon  
  173  23:58  Photon Cannon  
  173  24:00  Photon Cannon  
  173  24:06  Photon Cannon  
  173  24:09  Photon Cannon  
  173  24:13  Photon Cannon  
  173  24:18  Photon Cannon  
  173  24:22  Photon Cannon  
  173  24:24  Photon Cannon  
  173  24:32  Photon Cannon  
  173  24:36  Photon Cannon  
  173  24:40  Photon Cannon, Nexus  
  173  24:43  Photon Cannon  
  173  24:45  Photon Cannon  
  173  24:49  Photon Cannon  
  173  24:52  Photon Cannon  
  171  24:55  Photon Cannon  
  171  24:58  Photon Cannon  
  171  25:02  Photon Cannon  
Tags
 
League
Gold
Matchup
PvP
Spawn Locations
Cross Positions
Add a new tag
Caveats
  • Supply blocks, unpowered buildings, or Contaminate may cause inaccurate times.
  • Supply counts are checked every 10 seconds.